Unix NetHack Version 5.0.0-0 post-release - last build May 23 2026 06:08:33 (1c0ff79ee797540d5714e4e18072db0edd9e58ae,branch:main).

Game began 2026-05-28 17:58:24, ended 2026-05-28 18:22:16.

Brudee, neutral female human Tourist

                                            ---
                                             .|
                                            -.|
                                            +.|
                                            |.|
                            +               |.|
                           --.------        -.|
                           |....{..          .|
                           |.......-        -.|
                           |.......|        |.|
                           |{......|        |.|
              |   -+----+---.....@@-+------+-.|
              |....................@..........-
              |   ----- -+-----....G..-+-----.|        ----------
                              |.......|  |..-.|        |........|
                              +.......|  |..|.-########.........|
                              ---------  ------        |......<..
                                                       ----------

Brudee the Excursionist     St:11 Dx:9 Co:15 In:13 Wi:11 Ch:14  Neutral S:2513
Dlvl:8  $:32 HP:0(48) Pw:24(24) AC:2  Xp:6/528 T:4514  Burdened Stun

Latest messages:
 The gnomish wizard is suddenly moving faster.
 You hear a door open.
 The gnomish wizard points at you, then curses.
 The gnomish wizard points at you, then curses.
 The gnomish wizard points at you, then curses.
 You hit the gnomish wizard!
 The gnomish wizard points at you, then curses.
 The gnomish wizard points all around, then curses.
 You miss the gnomish wizard.
 The gnomish wizard points all around, then curses.
 You miss the gnomish wizard.
 The gnomish wizard casts a spell at you!
 You reel...
 The gnomish wizard points all around, then curses.
 You already found a monster.  Use 'm' prefix to force another search.
 You already found a monster.  Use 'm' prefix to force another search.
 The gnomish wizard points at you, then curses.
 You already found a monster.  Use 'm' prefix to force another search.
 You already found a monster.  Use 'm' prefix to force another search.
 The gnomish wizard points at you, then curses.
 The gnomish wizard points all around, then curses.
 You already found a monster.  Use 'm' prefix to force another search.
 You miss the gnomish wizard.
 The gnomish wizard points all around, then curses.
 The gnomish wizard points all around, then curses.
 The gnomish wizard points at you, then curses.
 You miss the watch captain.
 The watch captain gets angry!
 "Halt!  You're under arrest!"
 An angry guard is approaching!
 The watch captain wields a silver saber!
 The watch captain swings his silver saber.
 The watch captain hits!
 The watchman throws a spear!
 You are hit by a spear.
 The air crackles around the gnomish wizard.
 What do you want to use or apply? [klsxBDKWX or ?*] k
 In what direction? j
 The watch captain swings his silver saber.
 The watch captain hits!
 The watch captain swings his silver saber.
 The watch captain hits again!
 The gnomish wizard points at you, then curses.
 The gnomish wizard points all around, then curses.
 The watch captain picks up a spear.
 The watch captain swings his silver saber.
 The watch captain hits!
 You die...
 Do you want your possessions identified? [ynq] (y) y
 Do you want to see your attributes? [ynq] (y) q

Inventory:
 Coins    ('$')
  $ - 32 gold pieces
 Weapons  (')')
  z - a +0 elven bow
  a - 11 +2 darts (at the ready)
  t - 13 +0 darts
  u - 6 cursed -1 darts
  J - the rustproof +1 Trollsbane (weapon in right hand)
 Armor    ('[')
  P - a blessed +0 pair of iron shoes (being worn)
  j - an uncursed +0 Hawaiian shirt with a ukulele motif (being worn)
  V - an uncursed +0 dwarvish mithril-coat (being worn)
 Comestibles  ('%')
  e - an uncursed banana
  f - an uncursed cram ration
  b - 2 uncursed food rations
  w - an uncursed fortune cookie
  g - an uncursed pancake
  q - an uncursed sprig of wolfsbane
  c - 2 uncursed tripe rations
  C - an uncursed tin of spinach
  m - an uncursed lichen corpse
 Scrolls  ('?')
  p - a blessed scroll of blank paper
  n - 2 uncursed scrolls of blank paper
  N - an uncursed scroll of enchant weapon
  R - an uncursed scroll of food detection
  S - an uncursed scroll of identify
  i - an uncursed scroll of magic mapping
  o - a cursed scroll of teleportation
 Spellbooks  ('+')
  D - an uncursed spellbook of confuse monster
  x - an uncursed spellbook of healing
 Potions  ('!')
  h - a cursed potion of fruit juice
  U - an uncursed potion of full healing
  d - an uncursed potion of restore ability
 Tools    ('(')
  K - an uncursed bag of holding containing 1 item
  W - an empty uncursed bag of holding
  l - an uncursed credit card
  k - an expensive camera (0:40)
  s - an uncursed magic whistle
  B - an uncursed oil lamp
  X - a +0 pick-axe
 Gems/Stones  ('*')
  Y - an uncursed diamond
  M - an uncursed worthless piece of green glass
  Z - 2 uncursed worthless pieces of orange glass

Contents of the bag of holding:
  a +0 pick-axe

Brudee the Tourist's attributes:

Background:
 You were an Excursionist, a level 6 female human Tourist.
 You were neutral, on a mission for The Lady
 who was opposed by Blind Io (lawful) and Offler (chaotic).
 You were right-handed.
 You were in the Gnomish Mines, on level 8.
 You entered the dungeon 4514 turns ago.
 You had 528 experience points, 112 more were needed to attain level 7.
 Your score was 2513 before end-of-game adjustments.

Basics:
 You had 0 out of 48 hit points.
 You had all 24 energy points (spell power).
 Your armor class was 2.
 Your wallet contained 32 zorkmids.
 Autopickup was on for '$!=+?/"' plus thrown.

Final Characteristics:
 Your strength was 11 (limit:18/100).
 Your dexterity was 9 (peak:10, limit:18).
 Your constitution was 15 (peak:18, limit:18).
 Your intelligence was 13 (limit:18).
 Your wisdom was 11 (limit:18).
 Your charisma was 14 (limit:18).

Final Status:
 You were stunned.
 You weren't hungry.
 You were burdened; movement was slightly slowed.
 You were wielding a morning star.
 You had basic skill with morning star.

Final Attributes:
 You were piously aligned.
 You regenerated.
 You were guarded.
 Your spell casting was impaired by metallic armor.
 You are dead.

Miscellaneous:
 You didn't encounter any bones levels.
 Total elapsed playing time was 23 minutes and 50 seconds.

Major events:
 Turn
    1: Brudee the neutral female human Tourist entered the dungeon
  762: attained the rank of Sightseer (level 3)
  974: entered the Gnomish Mines
 2987: was bestowed with Trollsbane by The Lady
 4149: attained the rank of Excursionist (level 6)
 4481: reached Mine Town
 4514: killed by a watch captain

Spells:
 Name                 Level Category     Fail Retention
 confuse monster        1   enchantment   99%  76%-100%
 healing                1   healing      100%  76%-100%

Skills:
 Fighting Skills
   bare handed combat [Unskilled]
   two weapon combat  [Unskilled]
   riding             [Unskilled]
 Weapon Skills
   dagger             [Unskilled]
   knife              [Unskilled]
   axe                [Unskilled]
   pick-axe           [Unskilled]
   short sword        [Unskilled]
   broadsword         [Unskilled]
   long sword         [Unskilled]
   two-handed sword   [Unskilled]
   saber              [Unskilled]
   mace               [Unskilled]
   morning star       [Basic]
   flail              [Unskilled]
   hammer             [Unskilled]
   quarterstaff       [Unskilled]
   polearms           [Unskilled]
   spear              [Unskilled]
   trident            [Unskilled]
   lance              [Unskilled]
   bow                [Unskilled]
   sling              [Unskilled]
   crossbow           [Unskilled]
   dart               [Skilled]
   shuriken           [Unskilled]
   boomerang          [Unskilled]
   whip               [Unskilled]
   unicorn horn       [Unskilled]
 Spellcasting Skills
   divination spells  [Unskilled]
   enchantment spells [Unskilled]
   escape spells      [Unskilled]

Voluntary challenges:
 Character rerolling was not enabled.
 You never genocided any monsters.
 You never polymorphed an object.
 You never changed form.
 You used no wishes.
Achievements:
 You entered a shop.
 You attained the rank of Sightseer.
 You entered the Gnomish Mines.
 You attained the rank of Excursionist.
 You entered Minetown.

 The Dungeons of Doom: levels 1 to 4
    Level 1:
    Level 2:
       A general store, a sink.
    Level 3:
       A fountain.
    Level 4:
       An altar to The Lady, a fountain.
       Stairs down to The Gnomish Mines.
 The Gnomish Mines: levels 5 to 8
    Level 5:
    Level 6:
    Level 7:
    Level 8: <- You were here.
       Some fountains.
       Final resting place for
          you, killed by a watch captain.


Vanquished creatures:
  a giant spider
  a raven
  a rock mole
  a fog cloud
  3 gnome leaders
  a gnomish wizard
  a kobold mummy
  a gray ooze
  2 elf zombies
  a straw golem
  a paper golem
  a giant ant
  a floating eye
  7 dwarves
  a kobold leader
  a rabid rat
  2 giant bats
  4 orc zombies
  4 dwarf zombies
 an iguana
 an acid blob
  a coyote
  a gas spore
  a hobbit
  2 manes
  a giant rat
  a red mold
 24 gnomes
  3 garter snakes
  5 gnome zombies
  a gecko
  5 jackals
  a fox
  a kobold
  a goblin
  a sewer rat
  8 grid bugs
  a lichen
  3 kobold zombies
  4 newts
102 creatures vanquished.

No species were genocided or became extinct.

Game over:
                       ----------
                      /          \
                     /    REST    \
                    /      IN      \
                   /     PEACE      \
                  /                  \
                  |      Brudee      |
                  |      32 Au       |
                  |   killed by a    |
                  |  watch captain   |
                  |                  |
                  |                  |
                  |       2026       |
                 *|     *  *  *      | *
        _________)/\\_//(\/(/\)/\//\/|_)_______

Aloha Brudee the Tourist...

You died in The Gnomish Mines on dungeon level 8 with 2512 points,
and 32 pieces of gold, after 4514 moves.
You were level 6 with a maximum of 48 hit points when you died.

